 Dungeon Crawl Stone Soup version 0.30-a0-269-gf0224bf7b6 (webtiles) character file.

Game seed: 374730292375931139

53 billz999 the Digger (level 3, 0/24 HPs)
             Began as a Vampire Earth Elementalist on Oct 15, 2022.
             Slain by a gnoll
             ... wielding a +0 flail of protection
              (10 damage)
             ... on level 2 of the Dungeon.
             The game lasted 00:03:54 (1522 turns).

billz999 the Digger (Vampire Earth Elementalist)    Turns: 1522, Time: 00:03:54

Health: 0/24       AC:  2    Str:  7    XL:     3   Next: 62%
Magic:  0/6        EV: 12    Int: 19    God:
Gold:   34         SH:  0    Dex: 14    Spells: 5/6 levels left

rFire   . . .      SeeInvis +    c - staff of earth
rCold   . . .      Faith    .    (no shield)
rNeg    . . .      Spirit   .    a - +0 robe
rPois   .          Reflect  .    (no helmet)
rElec   .          Harm     .    (no cloak)
rCorr   .          Rampage  .    (no gloves)
Will    .....                    (no boots)
Stlth   ++........               (no amulet)
HPRegen 0.44/turn                (no ring)
MPRegen 0.10/turn                (no ring)

@: healing quickly
A: alive, fangs 3, see invisible, vampiric 2
a: Exsanguinate


You were on level 2 of the Dungeon.
You visited 1 branch of the dungeon, and saw 2 of its levels.

You collected 34 gold pieces.

Inventory:

Hand Weapons
 e - a +0 dagger
Missiles
 f - 3 curare-tipped darts
Armour
 a - a +0 robe (worn)
 d - a +0 helmet
Magical Staves
 c - a staff of earth (weapon)
Scrolls
 h - 3 scrolls of identify {unknown}
 i - a scroll of vulnerability {unknown}
 j - a scroll of fear {unknown}
Potions
 b - a potion of magic
 g - 2 potions of curing {unknown}


   Skills:
 - Level 2.2 Dodging
 - Level 3.0 Stealth
 - Level 2.0 Spellcasting
 * Level 1.6 Transmutations
 + Level 4.4 Earth Magic


You had 5 spell levels left.
You knew the following spells:

 Your Spells              Type           Power      Damage    Failure   Level
a - Sandblast             Erth           56%        2d13      2%          1

Your spell library contained the following spells:

 Spells                   Type           Power      Damage    Failure   Level
 Passwall                 Tmut/Erth      16%        N/A       8%          2
 Stone Arrow              Conj/Erth      30%        3d8       21%         3
 Petrify                  Tmut/Erth      20%        N/A       43%         4


Dungeon Overview and Level Annotations

Branches:
Dungeon (2/15)

Altars:

Annotations:
D:2 1 exclusion, Sigmund


Innate Abilities, Weirdness & Mutations

Your natural rate of healing is accelerated.
You have razor-sharp teeth.
You have supernaturally acute eyesight. (SInv)
You are afflicted with vampirism and can become a bat while bloodless.


Message History

Confirm with . or Enter, or press ? or * to list all spells.
Aiming: Sandblast (safe; 3% risk of failure)
Press: ? - help, Shift-Dir - straight line, f/p - gnoll
Aim: a gnoll, wielding a +2 whip of freezing and wearing a +0 robe (almost dead, 85% to hit)
You feel a surge of power!
The blast of sand hits the gnoll!
You kill the gnoll!
HP restored.
A gnoll is nearby!
Casting: Sandblast (safe; 2% risk of failure)
Confirm with . or Enter, or press ? or * to list all spells.
You can't see any susceptible monsters within range! (Use Z to cast anyway.) Unknown command.
Casting: Sandblast (safe; 2% risk of failure)
Confirm with . or Enter, or press ? or * to list all spells.
Aiming: Sandblast (safe; 2% risk of failure)
Press: ? - help, Shift-Dir - straight line, f - gnoll
Aim: a gnoll, wielding a +0 flail of protection (85% to hit)
You feel a surge of power!
The blast of sand hits the gnoll but does no damage.
Casting: Sandblast (safe; 2% risk of failure)
Confirm with . or Enter, or press ? or * to list all spells.
Aiming: Sandblast (safe; 2% risk of failure)
Press: ? - help, Shift-Dir - straight line, f/p - gnoll
Aim: a gnoll, wielding a +0 flail of protection (85% to hit)
You feel a surge of power!
The blast of sand hits the gnoll.
The gnoll is moderately wounded.
The gnoll attacks as you move away! The gnoll closely misses you.
The gnoll attacks as you move away!
The gnoll hits you with a +0 flail of protection!
Ouch! That really hurt!
Casting: Sandblast (safe; 2% risk of failure)
Confirm with . or Enter, or press ? or * to list all spells.
Aiming: Sandblast (safe; 2% risk of failure)
Press: ? - help, Shift-Dir - straight line, f/p - gnoll
Aim: a gnoll, wielding a +0 flail of protection (moderately wounded, 85% to hit)
You feel a surge of power!
The blast of sand hits the gnoll.
The gnoll is heavily wounded.
The gnoll hits you with a +0 flail of protection.
The gnoll hits you with a +0 flail of protection!
You die...

###<....## ##.....####
#.....†'..# #......##)#
## #.#######.# #< #.# #.#
#. ###.###.# #.# #.
.......g##### #.# #.
#..#####@...###.########.
+....##...........
#....##..#########
###+###..# #..# #####..#
#......# #.##...#
#.#....#


You could see a gnoll.

Vanquished Creatures
  2 gnolls (D:2)
  An adder (D:2)
  4 ball pythons
  2 endoplasms (D:1)
  6 goblins
  2 hobgoblins
  A kobold (D:1)
  A quokka (D:2)
  2 bats (D:1)
  2 rats (D:1)
23 creatures vanquished.

Vanquished Creatures (others)
  A plant (D:2)
1 creature vanquished.

Grand Total: 24 creatures vanquished

Notes
Turn   | Place    | Note
-------+----------+-------------------------------------------
     0 | D:1      | billz999 the Vampire Earth Elementalist began the quest for
                  | the Orb.
     0 | D:1      | Reached XP level 1. HP: 13/13 MP: 3/3
   469 | D:1      | Reached XP level 2. HP: 19/19 MP: 3/5
  1008 | D:2      | Noticed Sigmund
  1420 | D:2      | Reached skill level 4 in Earth Magic
  1420 | D:2      | Gained mutation: You are afflicted with vampirism and can
                  | become a bat while bloodless. [Vampire growth]
  1420 | D:2      | Reached XP level 3. HP: 24/24 MP: 3/6
  1522 | D:2      | Slain by a gnoll

Illustrated notes

Levels and vault maps discovered:
D:1:      shiori_arrival_maze, layout_loops_corners
D:2:      layout_basic, guppyfry_early_lair_pool, uniq_sigmund

Skill      XL: |  1  2 |
---------------+-------+-----
Earth Magic    | 4 |  4.4
Dodging        | |  2.2
Stealth        | |  3.0
Spellcasting   | |  2.0
Transmutations | |  1.6

Action                   || total
-------------------------++-------
 Cast: Sandblast         ||    37
Armor: Robe              ||     5
Dodge: Dodged            ||    27

Table legend: (Time is in decaauts)
 A = Elapsed time spent in this place.
 B = Non-inter-level travel time spent in this place.
 C = Inter-level travel time spent in this place.
 D = Time resting spent in this place.
 E = Time spent auto-exploring this place.
 F = Levels seen in this place.
 G = Mean time per level.
                   A        B        C        D        E       F      G
               +--------+--------+--------+--------+--------+-----+--------+
         Total |   1541 |   1452 |     89 |    152 |   1041 |   2 |  770.5 |
       Dungeon |   1541 |   1452 |     89 |    152 |   1041 |   2 |  770.5 |
               +--------+--------+--------+--------+--------+-----+--------+

Top non-repeatable levels by time:
     D:1: 1124 daAuts
     D:2: 417 daAuts
